 Dungeon Crawl Stone Soup version 0.20-a0-1058-g0491fde (webtiles) character file.

136957 Alarkh the Fencer (level 16, -1/129 HPs)
             Began as a Demonspawn Fighter on Apr 26, 2017.
             Was a High Priest of Okawaru.
             Engulfed by a cloud of freezing vapour (3 damage)
             ... in an ice cave.
             The game lasted 01:10:53 (41500 turns).

Alarkh the Fencer (Demonspawn Fighter)             Turns: 41500, Time: 01:10:54

Health: -1/129     AC: 17    Str: 16    XL:     16   Next: 67%
Magic:  25/25      EV: 26    Int: 19    God:    Okawaru [*****.]
Gold:   505        SH: 15    Dex: 22    Spells: 15/15 levels left

rFire    + . .     SeeInvis +   a - +4 double sword (slice)
rCold    . . .     Gourm    .   m - +2 shield
rNeg     + . .     Faith    .   h - +3 leather armour "Eshrat" {Regen+ Str-2 Int+4 Dex+5}
rPois    .         Spirit   .   c - +2 hat {SInv}
rElec    .         Reflect  .   (no cloak)
rCorr    .         Harm     .   T - +2 pair of gloves
MR       +++++     Clarity  +   y - +2 pair of boots
Stlth    ++++......             j - amulet of the Four Winds {rN+ MR+++ Clar}
Regen    0.8/turn               u - +4 ring of dexterity
MPRegen  0.2/turn               o - ring "Meynusax" {MR+ EV+4}

@: no status effects
A: horns 2, talons 2, fire resistance 1, high mp 1, nightstalker 2, shaggy fur
1, wild magic 1, flame cloud immunity, sturdy frame 3
a: Heroism, Finesse, Renounce Religion


You were in an ice cave.
You worshipped Okawaru.
Okawaru was extremely pleased with you.
You were not hungry.

You visited 5 branches of the dungeon, and saw 27 of its levels.
You also visited: Ice Cave.

You collected 3406 gold pieces.
You spent 2901 gold pieces at shops.

Inventory:

Hand Weapons
 a - a +4 double sword of slicing (weapon)
 b - a +0 long sword of flaming
Armour
 c - a +2 hat of see invisible (worn)
 h - the +3 leather armour "Eshrat" (worn) {Regen+ Str-2 Int+4 Dex+5}
   (You bought it in a shop on level 1 of the Orcish Mines)

   It affects your strength (-2).
   It affects your intelligence (+4).
   It affects your dexterity (+5).
   It increases your rate of regeneration.
 k - a +2 cloak of poison resistance
 m - a +2 shield (worn)
 y - a +2 pair of boots (worn)
 I - a +2 pair of boots of flying
 K - a +0 cloak of cold resistance
 T - a +2 pair of gloves (worn)
Magical Staves
 G - an uncursed staff of cold {unknown}
Jewellery
 f - an uncursed ring of flight
 i - a +4 ring of dexterity
 j - the amulet of the Four Winds (around neck) {rN+ MR+++ Clar}
   (You found it on level 2 of the Lair of Beasts)

   [amulet of nothing]

   It protects you from negative energy.
   It affects your resistance to hostile enchantments.
   It protects you against confusion.
 o - the ring "Meynusax" (right hand) {MR+ EV+4}
   (You found it in an ice cave)

   [ring of evasion]

   It affects your evasion (+4).
   It affects your resistance to hostile enchantments.
 q - an uncursed amulet of rage
 r - an uncursed amulet of regeneration
 u - a +4 ring of dexterity (left hand)
 H - an uncursed ring of ice
 J - an uncursed ring of teleportation
 M - a +3 ring of intelligence {unknown}
Wands
 n - a wand of acid (8/15)
 R - a wand of digging (9/24)
 W - a wand of acid (3/15)
 Y - a wand of paralysis (9/24)
Scrolls
 e - a scroll of identify
 l - 2 scrolls of fog
 p - a scroll of amnesia
 s - 2 scrolls of recharging
 v - 2 scrolls of blinking
 D - 4 scrolls of magic mapping
 F - a scroll of acquirement {unknown}
 L - 8 scrolls of remove curse
 P - 7 scrolls of fear
 S - 11 scrolls of teleportation
Potions
 d - a potion of might
 t - 3 potions of resistance
 w - a potion of magic
 x - 6 potions of heal wounds
 z - 4 potions of haste
 A - 2 potions of flight
 B - 7 potions of curing
 E - a potion of invisibility
 Z - a potion of agility
Miscellaneous
 C - a crystal ball of energy
 N - a phantom mirror
Comestibles
 g - 16 bread rations


   Skills:
 + Level 12.5 Fighting
 * Level 15.4 Long Blades
 + Level 11.8 Armour
 + Level 11.2 Dodging
 + Level 11.5 Shields
 - Level 10.0 Invocations


You had 15 spell levels left.
You didn't know any spells.

Dungeon Overview and Level Annotations

Branches:
Dungeon (15/15)            Temple (1/1) D:6            Lair (6/6) D:11
 Shoals (0/4) Lair:4        Snake (3/4) Lair:3        Slime (0/5) Lair:5
    Orc (2/2) D:10            Elf (0/3) Orc:2        Vaults (0/5) D:14
 Depths (0/5) D:15

Altars:
Ashenzari
Cheibriados
Dithmenos
Elyvilon
Fedhas
Gozag
Hepliaklqana
Kikubaaqudgha
Makhleb
Nemelex Xobeh
Okawaru
Qazlal
Ru
Sif Muna
Trog
Uskayaw
Vehumet
Wu Jian
Xom
Yredelemnul
Zin
The Shining One
Beogh

Shops:
D:5 %   D:7 *   D:12 [   Orc:1 [   Orc:2 ::?(   Snake:1 }}=

Portals:
Hell: Lair:6


Innate Abilities, Weirdness & Mutations

You have razor-sharp toenails.
Your flesh is heat resistant. (rF+)
You are significantly more attuned to the shadows.
You are immune to clouds of flame.
Your movements are significantly less encumbered by armour. (ER -6)
You have a pair of horns on your head.
You have an increased reservoir of magic. (+10% MP)
You are covered in fur. (AC +1)
Your spells are a little harder to cast, but a little more powerful.


Message History

You are engulfed in freezing vapours.
You are engulfed in freezing vapours.
* * * LOW HITPOINT WARNING * * *
Press: ? - help, v - describe, . - travel The floor.
There is a cloud of freezing vapour here.
You feel much better.
You are engulfed in freezing vapours.
* * * LOW HITPOINT WARNING * * *
Press: ? - help, v - describe, . - travel The floor.
You are engulfed in freezing vapours.
Keep equipping yourself?
* * * LOW HITPOINT WARNING * * *
You start putting on your armour.
You continue putting on your cloak of cold resistance.
You are engulfed in freezing vapours.
* * * LOW HITPOINT WARNING * * *
You continue putting on your cloak of cold resistance.
You are engulfed in freezing vapours.
You die...

#..##.(...#..#####..###
#..#≈≈≈#. ##§§##..####..#
###..####..####.
#.§§§##..###..#
##..####.##...
§#§§###..##...##
##§.####...##
#.§####...##.§§## ###.§.#
##### ..####...####§§.#
##§§#..#
..##...####§#§#####§§.#.##
.##...## #§#§##≈§§##§##
.....## ##§≈§@#######
...### ###### ####


There were no monsters in sight!

Vanquished Creatures
  An Ice Fiend (IceCv)
  A stone giant (Orc:1)
  An ettin (D:15)
  Snorg (Orc:1)
  The ghost of Shinoi the Cruncher, a journeyman DsGl of Okawaru (Lair:2)
  A fire dragon (Lair:6)
  9 hydras
  The ghost of Shinoi the Spear-Bearer, a journeyman MiAK of Lugonu (D:10)
  Harold (Lair:2)
  A vault guard (D:14)
  8 naga warriors
  A hell beast (Lair:6)
  9 anacondas
  10 two-headed ogres
  3 centaur warriors (D:15)
  An ogre mage (D:15)
  4 tengu warriors
  4 orc high priests (Orc:2)
  2 naga sharpshooters
  6 shock serpents
  A wizard (Lair:6)
  A deep elf archer (D:15)
  2 naga ritualists (Snake:2)
  2 unseen horrors
  A phantasmal warrior (D:12)
  5 orc knights
  Pikel (D:6)
  2 deep elf magi (D:13)
  3 mana vipers
  4 cyclopes
  5 oklob plants (Lair:2)
  5 orc sorcerers
  3 salamanders
  2 guardian serpents
  5 naga magi
  An ice statue (IceCv)
  35 black mambas
  A smoke demon (Lair:6)
  A gargoyle (D:14)
  15 spiny frogs
  6 komodo dragons
  A redback zombie (D:14)
  15 rime drakes
  An orange demon (Lair:6)
  2 anaconda simulacra (IceCv)
  A freezing wraith (IceCv)
  6 ice devils
  3 meliai (D:15)
  A yaktaur (D:15)
  A wolf spider simulacrum (IceCv)
  A polar bear (Lair:6)
  3 red devils (Lair:6)
  6 trolls
  9 dream sheep (Lair:5)
  8 slime creatures
  23 blink frogs
  12 hippogriffs
  A meliai zombie (D:14)
  A wraith (D:14)
  4 basilisks
  52 yaks
  Sigmund (D:5)
  6 wyverns
  3 dire elephant simulacra (IceCv)
  3 hogs (D:7)
  A human (D:7)
  3 fire bats (Lair:2)
  11 steam dragons
  The ghost of kidcy the Cudgeler, an amateur DsGl (D:3)
  2 hungry ghosts
  5 harpy simulacra (IceCv)
  Edmund (D:4)
  9 wargs
  A death yak simulacrum (IceCv)
  2 soldier ants
  2 iron troll simulacra (IceCv)
  15 nagas
  13 porcupines
  4 hell hounds (Lair:6)
  A water moccasin (shapeshifter) (D:13)
  24 orc warriors
  3 hydra simulacra (IceCv)
  18 water moccasins
  2 black bears
  An alligator simulacrum (IceCv)
  4 ice beasts
  3 necrophages
  2 phantoms
  12 ogres
  5 sky beasts
  9 wolves
  4 boggarts (D:14)
  20 crocodiles
  22 centaurs
  2 big kobolds
  20 bullfrogs
  A wyvern zombie (D:14)
  9 scorpions
  13 killer bees
  13 wights
  5 electric eels
  A lava snake (Lair:2)
  6 crimson imps
  5 howler monkeys
  3 draconian simulacra (IceCv)
  8 jellies
  A quasit (D:7)
  4 bullfrog zombies
  7 centaur zombies
  13 hounds
  17 orc priests
  4 bullfrog skeletons
  26 orc wizards
  3 centaur skeletons
  A gnoll shaman (D:5)
  5 iguanas
  3 troll simulacra (IceCv)
  12 worker ants
  A polar bear simulacrum (IceCv)
  A spriggan simulacrum (IceCv)
  2 wolf simulacra (IceCv)
  A killer bee zombie (D:8)
  3 centaur simulacra (IceCv)
  A hound zombie (D:8)
  A worker ant zombie (D:5)
  A gnoll (D:4)
  3 ogre simulacra (IceCv)
  28 adders
  6 naga simulacra (IceCv)
  3 shadow imps
  6 white imps (IceCv)
  4 ufetubi (IceCv)
  An ooze (D:4)
  An adder zombie (D:8)
  2 adder skeletons
  2 worms
  A dart slug (D:3)
  6 leopard geckos
  108 orcs
  3 ball pythons
  6 bats
  7 giant cockroaches
  8 hobgoblins
  25 jackals
  14 kobolds
  7 quokkas
  5 frilled lizards
  A giant cockroach zombie (D:5)
  6 goblins
  A jackal skeleton (D:7)
  3 quokka skeletons
  3 rats
  A spectral orc (D:7)
  41 plants
1026 creatures vanquished.

Vanquished Creatures (others)
  2 slaves (D:6)
  A scorpion (D:6)
  An orc wizard (Orc:2)
  A worker ant (D:6)
  An adder (Snake:1)
  An ufetubus (IceCv)
  An adder skeleton (D:6)
  An orc (D:6)
  A giant cockroach (D:6)
  A frilled lizard (D:6)
  15 fungi
  25 plants
51 creatures vanquished.

Grand Total: 1077 creatures vanquished

Notes
Turn   | Place    | Note
-------+----------+-------------------------------------------
     0 | D:1      | Alarkh the Demonspawn Fighter began the quest for the Orb.
     0 | D:1      | Reached XP level 1. HP: 18/18 MP: 1/1
   219 | D:1      | Reached skill level 2 in Long Blades
   279 | D:1      | Gained mutation: You are slightly more attuned to the shadows. [demonic ancestry]
   279 | D:1      | Reached XP level 2. HP: 24/24 MP: 2/2
   947 | D:2      | Found an ornate altar of the Wu Jian Council.
   947 | D:2      | Found a sacrificial altar of Ru.
  1092 | D:2      | Gained mutation: You are significantly more attuned to the shadows. [demonic ancestry]
  1092 | D:2      | Reached XP level 3. HP: 29/29 MP: 3/3
  1954 | D:3      | Noticed kidcy's ghost (amateur DsGl)
  1987 | D:2      | Reached skill level 1 in Dodging
  1987 | D:2      | Reached XP level 4. HP: 25/35 MP: 4/4
  2322 | D:3      | Reached skill level 3 in Long Blades
  2325 | D:3      | Gained mutation: Your flesh is heat resistant. (rF+) [demonic ancestry]
  2325 | D:3      | Reached XP level 5. HP: 40/42 MP: 5/5
  2528 | D:3      | Found a shattered altar of Ashenzari.
  2879 | D:3      | Killed kidcy's ghost
  2879 | D:3      | Reached XP level 6. HP: 14/48 MP: 6/6
  3205 | D:3      | Found a glowing golden altar of the Shining One.
  3489 | D:4      | Noticed Edmund
  3519 | D:4      | Found a radiant altar of Vehumet.
  3805 | D:4      | Killed Edmund
  3805 | D:4      | Reached skill level 4 in Long Blades
  4210 | D:4      | Gained mutation: You have sharp toenails. [demonic ancestry]
  4210 | D:4      | Reached XP level 7. HP: 55/55 MP: 7/7
  4256 | D:4      | Found an opulent altar of Gozag.
  4444 | D:4      | Found an iron altar of Okawaru.
  4450 | D:4      | Became a worshipper of Warmaster Okawaru
  4606 | D:5      | Entered Level 5 of the Dungeon
  4610 | D:5      | Noticed Sigmund
  4943 | D:5      | Killed Sigmund
  5583 | D:5      | Reached * piety under Okawaru
  5881 | D:5      | Reached skill level 5 in Long Blades
  6119 | D:5      | Reached skill level 5 in Fighting
  6119 | D:5      | Gained mutation: You are immune to clouds of flame. [demonic ancestry]
  6119 | D:5      | Reached XP level 8. HP: 29/62 MP: 8/8
  6369 | D:5      | Found Gueher's Food Emporium.
  6511 | D:5      | Reached ** piety under Okawaru
  7365 | D:6      | Noticed Pikel
  7386 | D:6      | Killed Pikel
  7386 | D:6      | Reached *** piety under Okawaru
  7386 | D:6      | Reached skill level 6 in Long Blades
  7386 | D:6      | Reached skill level 5 in Armour
  7386 | D:6      | Reached skill level 5 in Shields
  7432 | D:6      | Reached XP level 9. HP: 59/69 MP: 9/9
  7791 | D:6      | Reached **** piety under Okawaru
  7798 | D:6      | Gained mutation: You tend to lose your temper in combat. [mutagenic meat]
  7800 | D:6      | Gained mutation: You are clumsy. (Dex -2) [mutagenic meat]
  8024 | D:6      | Found a blossoming altar of Fedhas.
  8211 | D:6      | Found a deep blue altar of Sif Muna.
  8417 | D:6      | Found a staircase to the Ecumenical Temple.
  8525 | Temple   | Entered the Ecumenical Temple
  8898 | D:7      | Found a stormy altar of Qazlal.
  8936 | D:7      | Got a translucent buckler
  8947 | D:7      | Identified the +0 buckler "Nuycy" {rN+ MR+ Dex+3} (You found it on level 7 of the Dungeon)
  9160 | D:7      | Reached skill level 7 in Long Blades
  9189 | D:7      | Reached ***** piety under Okawaru
  9189 | D:7      | Reached skill level 5 in Dodging
  9431 | D:7      | Found a sparkling altar of Nemelex Xobeh.
  9499 | D:7      | Found a basalt altar of Yredelemnul.
  9565 | D:7      | Received a gift from Okawaru
  9688 | D:7      | Reached XP level 10. HP: 77/77 MP: 10/10
  9786 | D:7      | Found a shadowy altar of Dithmenos.
  9892 | D:7      | Found Zin's Purification Station.
  9895 | D:7      | Found a glowing silver altar of Zin.
 10030 | D:7      | Reached skill level 8 in Long Blades
 11820 | D:9      | Got a brightly glowing robe
 11831 | D:9      | Identified the +2 robe of Free Will {rF++ rCorr Dex-5 SInv} (You found it on level 9 of the Dungeon)
 12313 | D:9      | Reached skill level 9 in Long Blades
 12649 | D:10     | Entered Level 10 of the Dungeon
 12860 | D:10     | Found a staircase to the Orcish Mines.
 12863 | D:10     | Lost mutation: You are clumsy. (Dex -2) [potion of mutation]
 12863 | D:10     | Lost mutation: You tend to lose your temper in combat. [potion of mutation]
 12863 | D:10     | Gained mutation: Your muscles are strong. (Str +2) [potion of mutation]
 12863 | D:10     | Gained mutation: You are frail. (-10% HP) [potion of mutation]
 12863 | D:10     | Gained mutation: You passively map a small area around you. [potion of mutation]
 13229 | D:10     | Noticed Shinoi's ghost (journeyman MiAK)
 13271 | D:10     | Killed Shinoi's ghost
 13271 | D:10     | Gained mutation: You have razor-sharp toenails. [demonic ancestry]
 13271 | D:10     | Reached XP level 11. HP: 53/77 MP: 8/11
 13427 | D:10     | Found a hazy altar of Hepliaklqana.
 13618 | D:10     | Noticed a two-headed ogre
 13632 | D:10     | Killed a two-headed ogre
 13632 | D:10     | Received a gift from Okawaru
 13632 | D:10     | Reached skill level 1 in Invocations
 14226 | D:10     | Noticed a two-headed ogre
 14242 | D:10     | Killed a two-headed ogre
 14876 | D:11     | Found a staircase to the Lair.
 15032 | D:11     | Noticed a two-headed ogre
 15061 | D:11     | Killed a two-headed ogre
 15061 | D:11     | Reached skill level 10 in Long Blades
 15810 | D:11     | Killed an unseen horror
 16073 | D:11     | Noticed a two-headed ogre
 16086 | D:11     | Killed a two-headed ogre
 16410 | D:11     | Reached ****** piety under Okawaru
 16410 | D:11     | Received a gift from Okawaru
 16442 | Lair:1   | Entered Level 1 of the Lair of Beasts
 16634 | Lair:1   | Reached XP level 12. HP: 69/85 MP: 15/15
 17781 | Lair:1   | Noticed a five-headed hydra
 17795 | Lair:1   | Killed a five-headed hydra
 18275 | Lair:1   | Reached skill level 5 in Invocations
 18388 | Lair:2   | Noticed Shinoi's ghost (journeyman DsGl)
 18742 | Lair:2   | Killed Shinoi's ghost
 18895 | Lair:2   | Noticed Harold
 18919 | Lair:2   | Killed Harold
 19063 | Lair:2   | Received a gift from Okawaru
 19063 | Lair:2   | Reached skill level 11 in Long Blades
 20797 | Lair:3   | Received a gift from Okawaru
 20819 | Lair:3   | Gained mutation: Your movements are slightly less encumbered by armour. (ER -2) [demonic ancestry]
 20819 | Lair:3   | Reached XP level 13. HP: 92/92 MP: 17/17
 20844 | Lair:3   | Reached skill level 10 in Fighting
 21184 | Orc:1    | Entered Level 1 of the Orcish Mines
 21250 | Orc:1    | Noticed a stone giant
 21676 | Orc:1    | Killed a stone giant
 21839 | Orc:1    | Found Enot's Armour Boutique.
 21877 | Orc:1    | Noticed Snorg
 22020 | Orc:1    | Killed Snorg
 22095 | Orc:2    | Entered Level 2 of the Orcish Mines
 22208 | Orc:2    | Found a staircase to the Elven Halls.
 22739 | Orc:2    | Found a roughly hewn altar of Beogh.
 25005 | Orc:2    | Reached skill level 12 in Long Blades
 25253 | Orc:2    | Found Jintom's Antique Weapon Boutique.
 25253 | Orc:2    | Found Poil's Magic Scroll Shoppe.
 25255 | Orc:2    | Found Vafamih's Book Boutique.
 25255 | Orc:2    | Found Ocvyamnu's Book Shoppe.
 25390 | Orc:2    | Bought a scroll of brand weapon for 280 gold pieces
 25390 | Orc:2    | Bought a scroll of fear for 49 gold pieces
 25390 | Orc:2    | Bought a scroll of enchant armour for 105 gold pieces
 25390 | Orc:2    | Bought a scroll of identify for 28 gold pieces
 25689 | Orc:1    | Bought the +3 leather armour "Eshrat" {Regen+ Str-2 Int+4 Dex+5} for 619 gold pieces
 25972 | Lair:3   | Found a staircase to the Snake Pit.
 27017 | Lair:4   | Found a staircase to the Shoals.
 27336 | Lair:4   | Received a gift from Okawaru
 27774 | Lair:5   | Gained mutation: Your movements are less encumbered by armour. (ER -4) [demonic ancestry]
 27774 | Lair:5   | Reached XP level 14. HP: 92/99 MP: 20/20
 28343 | Lair:5   | Found a staircase to the Slime Pits.
 28873 | Lair:6   | Entered Level 6 of the Lair of Beasts
 28956 | Lair:6   | Received a gift from Okawaru
 28957 | Lair:6   | Got an ancient falchion {god gift}
 28958 | Lair:6   | Identified the +2 falchion "Teeliv" {slice, rF+ MP+9} (Okawaru gifted it to you on level 6 of the Lair of Beasts)
 29239 | Lair:6   | Reached skill level 13 in Long Blades
 29633 | Lair:6   | Reached skill level 10 in Armour
 30117 | Lair:6   | Reached skill level 10 in Shields
 30372 | Lair:6   | Reached skill level 10 in Invocations
 31114 | Lair:6   | Found a burning altar of Makhleb.
 31167 | Lair:6   | Reached XP level 15. HP: 98/107 MP: 22/22
 31171 | Lair:6   | Found a gateway to Hell.
 31724 | Lair:2   | Received a gift from Okawaru
 32024 | D:12     | Found Utotzuz's Antique Armour Shoppe.
 32078 | D:12     | Bought a shiny shield for 240 gold pieces
 32688 | D:12     | Lost mutation: You are frail. (-10% HP) [potion of mutation]
 32688 | D:12     | Lost mutation: Your muscles are strong. (Str +2) [potion of mutation]
 32688 | D:12     | Lost mutation: You passively map a small area around you. [potion of mutation]
 32688 | D:12     | Gained mutation: You are frail. (-10% HP) [potion of mutation]
 32688 | D:12     | Gained mutation: Scrolls take you a little longer to read. [potion of mutation]
 32688 | D:12     | Gained mutation: You are resistant to hostile enchantments. (MR+) [potion of mutation]
 32716 | D:13     | Found a shimmering altar of Xom.
 33219 | D:13     | Gained mutation: Your spells are a little harder to cast, but a little more powerful. [mutagenic meat]
 33220 | D:13     | Gained mutation: You have an increased reservoir of magic. (+10% MP) [mutagenic meat]
 33222 | D:13     | Gained mutation: You do not regenerate when monsters are visible. [mutagenic meat]
 33223 | D:13     | Gained mutation: You have a pair of small horns on your head. [mutagenic meat]
 33614 | D:14     | Reached skill level 10 in Dodging
 34297 | D:14     | Reached skill level 14 in Long Blades
 34583 | D:14     | Found a gate to the Vaults.
 34829 | D:15     | Entered Level 15 of the Dungeon
 35417 | D:15     | Found a staircase to the Depths.
 36010 | Lair:1   | Received a gift from Okawaru
 36126 | D:12     | Bought an encrusted plate armour for 896 gold pieces
 36126 | D:12     | Bought a ripped robe for 182 gold pieces
 36136 | D:12     | Identified the +1 robe of the Lost Path {+Fly Dex+2 Slay+2} (You bought it in a shop on level 12 of the Dungeon)
 36146 | D:12     | Identified the +3 plate armour of Cuwysm {rC+ Str-4 Int+3 SInv} (You bought it in a shop on level 12 of the Dungeon)
 36146 | D:12     | Bought a pair of glowing boots for 240 gold pieces
 36326 | Snake:1  | Entered Level 1 of the Snake Pit
 36811 | Snake:1  | Gained mutation: Your movements are significantly less encumbered by armour. (ER -6) [demonic ancestry]
 36811 | Snake:1  | Reached XP level 16. HP: 58/114 MP: 23/25
 36836 | Snake:1  | HP: 5/114 [mana viper (10)]
 36837 | Snake:1  | HP: 1/114 [mana viper (4)]
 37002 | Snake:1  | Lost mutation: You are frail. (-10% HP) [mutagenic meat]
 37005 | Snake:1  | Lost mutation: You are resistant to hostile enchantments. (MR+) [mutagenic meat]
 37007 | Snake:1  | Lost mutation: Scrolls take you a little longer to read. [mutagenic meat]
 37869 | Snake:1  | Found Pitu's Gadget Shop.
 37870 | Snake:1  | Found Vevafeshraurr's Jewellery Emporium.
 37870 | Snake:1  | Found Fegikk's Gadget Shop.
 37877 | Snake:1  | Bought an uncursed ring of flight for 262 gold pieces
 38836 | Snake:2  | Reached skill level 15 in Long Blades
 39025 | Snake:2  | Received a gift from Okawaru
 39038 | Snake:2  | Got a brightly glowing plate armour {god gift}
 39069 | Snake:2  | Identified the +1 plate armour of Purpose {rN+ Str+5 Dex+3 Stlth-} (Okawaru gifted it to you on level 2 of the Snake Pit)
 39982 | Snake:3  | Gained mutation: You are covered in fur. (AC +1) [mutagenic meat]
 39983 | Snake:3  | Gained mutation: You have a pair of horns on your head. [mutagenic meat]
 39984 | Snake:3  | Lost mutation: You do not regenerate when monsters are visible. [mutagenic meat]
 40037 | Snake:3  | Found a frozen archway.
 40071 | IceCv    | Entered an ice cave
 40234 | IceCv    | Got a smoking golden ring
 40327 | IceCv    | Identified the ring "Meynusax" {MR+ EV+4} (You found it in an ice cave)
 41073 | IceCv    | Noticed an Ice Fiend
 41296 | IceCv    | Killed an Ice Fiend
 41499 | IceCv    | HP: 1/129 [something (9)]
 41500 | IceCv    | Engulfed by a cloud of freezing vapour

Vault maps used:
D:1:      lightli_arrival_statue_moat
D:2:      gammafunk_temple_overflow_elements
D:3:      old_standard_altar, nicolae_overflow_hidden_temple
D:4:      okawaru_altar_gauntlet_db, vehumet_crystals, lemuel_crystal_altar,
          uniq_edmund
D:5:      kennysheep_windowed_halls, serial_shops, nicolae_shop_stone,
          first_bread, uniq_sigmund
D:6:      kennysheep_little_box, minmay_temple_entry_enclosed_plants,
          basic_altar, hangedman_decor_peaks_small, uniq_pikel
D:7:      kennysheep_mini_moat, yredelemnul_forgotten_temple_becter, zin_purify,
          nemelex_xobeh_ov_fountains_minmay, basic_altar, grunt_livestock
D:10:     david_orc_1_choice, basic_altar
D:11:     erik_lair_orcish_takeover, serial_bayou_ford_a
D:12:     serial_shops, shop, kennysheep_just_a_vault
D:13:     xom_teletrap_fun
D:14:     david_vaults_5, solitary_fountain, special_room
D:15:     hangedman_depths_entry_civil_slaughter, hangedman_glass_teeth,
          serial_bayou_pond_c
Temple:   dpeg_chambers_temple
Lair:1:   serial_bayou_pond_c
Lair:2:   minmay_lair_oklob_tunnel, minmay_lair_oklob_chamber, uniq_harold
Lair:3:   minmay_snake_entry_six_corridors, grunt_megastairs_3
Lair:4:   elwin_shoals_entry_rocks
Lair:5:   slime_dummy
Lair:6:   evil_forest, bobbens_dragon_lair_wall
Snake:1:  minmay_snake_river, st_stairs_4, minmay_shop_grove,
          serial_bayou_shore_a
Snake:2:  nicolae_large_snake_swirl
Snake:3:  portal_ice_cave_entry_pillars_four
Orc:1:    serial_shops, shop, mines2_lemuel, uniq_snorg
Orc:2:    grunt_orc_tribal_feast, minmay_orc_temple_a
IceCv:    ice_cave_caverns_02

Skill      XL: |  1  2  3  4  5  6  7  8  9 10 11 12 13 14 15 16 |
---------------+-------------------------------------------------+-----
Long Blades    | 2 3 4 5 6 7 9 10 11 12 13 14 15 | 15.4
Armour         | 3 4 5 6 7 8 9 10 11 | 11.8
Dodging        | 1 2 3 4 5 6 7 8 9 10 11 | 11.2
Shields        | 3 4 5 6 7 8 9 10 11 | 11.5
Fighting       | 4 5 6 8 9 10 11 12 | 12.5
Invocations    | 4 6 8 10 | 10.0

Action                   |  1- 3 |  4- 6 |  7- 9 | 10-12 | 13-15 | 16-18 || total
-------------------------+-------+-------+-------+-------+-------+-------++-------
Melee: Long sword        |   165 |   194 |   193 |       |    85 |       ||   637
       Scimitar          |       |       |   348 |  1294 |  1240 |       ||  2882
       Double sword      |       |       |       |       |   327 |   500 ||   827
       Headbutt          |       |       |       |       |   184 |   169 ||   353
Invok: Heroism           |       |       |     1 |    12 |    20 |     9 ||    42
 Abil: Evoke Flight      |       |       |       |       |       |     3 ||     3
Evoke: Wand              |       |       |       |    10 |     7 |     1 ||    18
  Use: Scroll            |     1 |     3 |     6 |    16 |    20 |     1 ||    47
       Potion            |     1 |     7 |       |     3 |     6 |     5 ||    22
 Stab: Sleeping          |     1 |     1 |     3 |    29 |    46 |     9 ||    89
       Invisible         |       |     2 |       |     6 |       |       ||     8
       Confused          |       |       |       |     2 |       |       ||     2
       Distracted        |       |       |       |     5 |    10 |     2 ||    17
  Eat: Chunk             |     4 |     7 |    24 |    41 |    55 |    16 ||   147
       Fruit             |       |       |       |     1 |       |     5 ||     6
       Meat ration       |       |       |       |       |     1 |       ||     1
       Bread ration      |       |       |       |       |       |     1 ||     1
Armor: Scale mail        |    90 |    43 |   189 |       |       |       ||   322
       Skin              |       |    16 |     1 |       |       |       ||    17
       Ring mail         |       |       |    16 |   340 |    54 |       ||   410
       Robe              |       |       |       |     8 |     5 |       ||    13
       Leather armour    |       |       |       |       |   192 |    69 ||   261
Dodge: Dodged            |    50 |    51 |   206 |   624 |   877 |   250 ||  2058
Block: Shield            |    90 |   128 |   167 |       |   815 |   310 ||  1510
       Reflection        |       |     7 |     3 |       |       |       ||    10
       Buckler           |       |       |    42 |   276 |   120 |       ||   438
       Rpst.: Long sword |    19 |    19 |    17 |       |     5 |       ||    60
       Scimitar          |       |       |    56 |   187 |   185 |       ||   428
       Double sword      |       |       |       |       |    32 |    47 ||    79
